AoeStats
← Yorshka

Fortress

508860918Analyzed
4v4 RM · 8d ago on Sep 24, 2026· 37m 23s· 8 players
Game mode
Random Map
Map size
Huge
Population
200
Speed
Normal
Resources
Standard
Victory
Conquest
Starting age
Dark Age
Ending age
Imperial Age
RankedLock teamsTeams togetherTeam positionsShared explorationLock speedFull tech treeHidden civsTurbo modeCheats
Victory
Defeat
🇯🇵 Gurjaras · Japan
1737
+19
🇨🇳 Mongols · China
1696
+21
🇨🇳 Koreans · China
1617
+24
🇨🇳 Bengalis · China
1578
+24
🇦🇷 Lithuanians · Argentina
1852
-24
🇮🇹 Turks · Italy
1832
-23
🇬🇧 Berbers · United Kingdom
1776
-21
🇨🇿 Varangians · Czechia
1749
-20
Franczesco
7:35 Feudal Age
8:27 Double-Bit Axe
11:10 Castle Age
9:00 Horse Collar
10:10 Gold Mining
12:27 Bow Saw
18:16 Wheelbarrow
19:09 Forging
19:54 Loom
21:19 Scale Barding Armor
21:59 Hand Cart
21:31 Town Watch
25:13 Imperial Age
23:59 Bloodlines
23:49 Husbandry
23:55 Scale Barding Armor
23:58 Stone Mining
25:04 Chain Barding Armor
25:53 Iron Casting
26:43 Plate Barding Armor
25:33 Cavalier
27:25 Conscription
30:32 Iron Casting
30:16 Vendel Legacy
31:09 Caravan
33:44 Blast Furnace
33:50 Fletching
35:42 Bodkin Arrow
36:24 Bracer
36:37 Masonry
OS+ | 青田龙
7:18 Feudal Age
8:57 Double-Bit Axe
11:12 Castle Age
9:12 Horse Collar
12:47 Bow Saw
13:23 Loom
13:48 Heavy Plow
16:45 Wheelbarrow
24:56 Imperial Age
23:18 Town Watch
25:58 Ballistics
26:38 Conscription
26:45 Padded Archer Armor
27:03 Hand Cart
27:35 Husbandry
27:45 Bloodlines
28:02 Leather Archer Armor
28:33 Scale Barding Armor
28:39 Forging
29:44 Ring Archer Armor
30:29 Hoardings
30:17 Chain Barding Armor
29:56 Heavy Cavalry Archer
30:44 Thumb Ring
31:30 Parthian Tactics
30:57 Fletching
Fish
7:30 Feudal Age
11:00 Castle Age
8:58 Double-Bit Axe
9:23 Horse Collar
12:04 Bow Saw
12:11 Town Watch
13:05 Wheelbarrow
16:14 Loom
19:05 Hand Cart
24:40 Imperial Age
22:32 Heavy Plow
22:40 Town Watch
23:42 Bloodlines
23:57 Husbandry
24:02 Scale Barding Armor
25:29 Chain Barding Armor
24:48 Cavalier
26:36 Paladin
26:42 Paladin
28:09 Forging
28:31 Conscription
29:36 Plate Barding Armor
29:53 Iron Casting
33:02 Caravan
35:53 Light Cavalry
36:33 Winged Hussar
Torpedo
8:27 Feudal Age
9:22 Double-Bit Axe
9:58 Gold Mining
9:51 Horse Collar
12:17 Castle Age
11:10 Fletching
13:26 Bow Saw
13:18 Heavy Plow
13:32 Bodkin Arrow
13:35 Loom
14:40 Wheelbarrow
15:56 Loom
18:28 Ballistics
19:07 Husbandry
19:20 Padded Archer Armor
20:26 Bloodlines
21:07 Leather Archer Armor
22:00 Town Watch
22:51 Gold Shaft Mining
22:06 Stone Mining
28:43 Imperial Age
26:38 Scale Barding Armor
26:44 Forging
26:29 Light Cavalry
27:57 Hand Cart
28:29 Thumb Ring
29:28 Masonry
29:14 Murder Holes
29:24 Bracer
29:56 Ring Archer Armor
29:50 Conscription
30:31 Elite Camel Archer
32:17 Chemistry
32:19 Chain Barding Armor
33:00 Hoardings
32:44 Siege Engineers
33:40 Kasbah
34:33 Treadmill Crane
36:01 Plate Barding Armor
35:36 Forging
35:51 Maghrebi Camels
36:24 Crop Rotation
36:19 Hussar
系色望捏
7:53 Feudal Age
8:34 Double-Bit Axe
8:29 Horse Collar
11:33 Castle Age
12:37 Bow Saw
12:28 Heavy Plow
12:47 Heavy Plow
17:06 Wheelbarrow
16:16 Town Watch
19:30 Hand Cart
19:38 Gold Mining
19:48 Loom
20:06 Town Patrol
21:02 Gold Shaft Mining
24:31 Imperial Age
22:30 Fletching
22:41 Padded Archer Armor
23:26 Bodkin Arrow
24:14 Ballistics
25:12 Paiks
25:32 Conscription
25:17 Bracer
26:18 Chemistry
26:06 Masonry
26:39 Stone Mining
27:28 Elite Elephant Archer
30:01 Leather Archer Armor
33:02 Ring Archer Armor
32:39 Pikeman
35:24 Architecture
35:21 Halberdier
36:02 Squires
36:03 Scale Mail Armor
36:13 Forging
35:24 Siege Elephant
37:05 Chain Mail Armor
36:39 Elite Skirmisher
NeeNee
7:09 Feudal Age
10:44 Castle Age
8:41 Double-Bit Axe
8:53 Horse Collar
11:54 Bow Saw
12:33 Heavy Plow
12:20 Loom
17:49 Gold Mining
18:36 Wheelbarrow
24:51 Imperial Age
22:20 Town Watch
22:59 Ballistics
22:43 Fletching
23:23 Bloodlines
23:42 Bodkin Arrow
24:40 Padded Archer Armor
24:46 Husbandry
26:44 Chemistry
26:05 Stone Mining
26:51 Gold Shaft Mining
26:49 Conscription
26:50 Bracer
27:11 Thumb Ring
29:00 Leather Archer Armor
29:40 Elite Elephant Archer
32:42 Frontier Guards
32:19 Siege Elephant
34:27 Kshatriyas
34:59 Hoardings
34:36 Masonry
35:10 Scale Barding Armor
37:04 Stone Shaft Mining
36:50 Chain Barding Armor
37:33 Guard Tower
37:24 Treadmill Crane
38:14 Architecture
38:21 Plate Barding Armor
Yorshka
6:16 Feudal Age
7:53 Double-Bit Axe
10:39 Castle Age
9:03 Horse Collar
13:16 Bow Saw
17:42 Wheelbarrow
16:58 Town Watch
18:38 Gold Mining
19:03 Loom
19:37 Heavy Plow
23:23 Imperial Age
21:07 Fletching
21:43 Bodkin Arrow
24:06 Ballistics
24:05 Bracer
25:07 Chemistry
24:47 Padded Archer Armor
25:13 Parthian Tactics
24:57 Thumb Ring
26:21 Leather Archer Armor
26:30 Conscription
26:59 Stone Mining
27:18 Elite Mangudai
30:34 Hand Cart
29:52 Capped Ram
32:32 Bloodlines
32:23 Husbandry
32:59 Siege Engineers
32:20 Light Cavalry
33:05 Husbandry
32:26 Siege Ram
33:31 Drill
35:02 Siege Engineers
34:37 Light Cavalry
36:24 Masonry
南良千奈
2:22 Loom
7:37 Feudal Age
11:11 Castle Age
9:09 Double-Bit Axe
9:30 Horse Collar
12:36 Bow Saw
13:28 Loom
15:54 Loom
16:02 Loom
17:45 Wheelbarrow
19:04 Hand Cart
19:06 Town Watch
19:52 Loom
23:57 Imperial Age
21:22 Stone Mining
22:08 Gold Mining
22:27 Squires
22:57 Ballistics
22:28 Fletching
23:48 Bodkin Arrow
24:10 Eupseong
24:11 Elite Skirmisher
25:26 Bracer
30:04 Chemistry
30:46 Elite Fire Lancer
33:34 Conscription
36:24 Scale Mail Armor
37:09 Forging
37:26 Chain Mail Armor
Connection lost

Rejoining the realm…

Still unreachable

The connection could not be restored.

Session expired

The server has moved on; the page needs a fresh start.